Description

This build order in really easy to execute and works well on small maps. It his design to give you fast wins and it's hard to counter if you never played against it.

The goal is to do a Gate+cannon rush opening then go to a skytoss army (Void Ray / Carrier / Mothership). The cannon rush can't be done on every maps: It works well on map where you can fully wall behind the mineral line with only 3 pylons.

When you play the skytoss, don't forget to rush the mothership: It will be your best defense against most of timing attacks.

This build can be done in all league.

Few tips :

  • Don't do the cannon rush if you scout a pool first.
  • You can use the build order without the cannon rush. This is just a little harder without it.
  • Always start with oracle if there is no fast roach warren. This oracle can be really useful for scout and for harass.
  • Switch to high templars at 10min: They are strong against corruptors, infestators, hydralisks and vipers.
  • Void ray is an amazing unit in this composition: Carrier have been nerf really hard and aren't that good except in big numbers. Void ray are strong against corruptors too.

VOD

https://youtu.be/vCIuTucfmq0

Replay - Cyber Forest LE (39)

Build Order

Get SALT Encoding   

  12  0:01  Probe  
  13  0:13  Probe  
  14  0:19  Pylon  
  14  0:22  Probe  
  15  0:33  Probe  
  15  0:41  Gateway  
  16  0:44  Probe  
  16  0:48  Assimilator  
  17  0:56  Probe  
  18  1:04  Probe  
  19  1:13  Forge, Probe  
  20  1:26  Pylon  
  20  1:33  Pylon  
  20  1:47  Photon Cannon  
  20  1:57  Photon Cannon x2  
  20  2:02  Probe  
  21  2:10  Probe  
  23  2:34  Nexus  
  24  2:38  Cybernetics Core  
  24  2:39  Assimilator  
  24  2:44  Photon Cannon  
  25  3:06  Pylon  
  26  3:17  Stargate  
  26  3:18  Stalker  
  29  3:42  Assimilator  
  29  3:47  Pylon  
  31  3:51  Warp Gate, Oracle  
  38  4:16  Assimilator  
  40  4:26  Adept  
  44  4:39  Void Ray  
  54  5:17  Gateway  
  54  5:29  Fleet Beacon  
  56  5:50  Zealot  
  60  6:05  Nexus  
  60  6:10  Mothership  
  61  6:13  Adept x2  
  64  6:19  Carrier, Protoss Air Weapons Level 1  
  79  6:38  Adept x2  
  80  6:53  Stargate x2  
  84  7:22  Void Ray  
  84  7:26  Assimilator x2  
  88  7:30  Void Ray  
  88  7:35  Zealot  
  88  7:36  Void Ray  
  103  8:06  Carrier  
  109  8:13  Void Ray  
  113  8:29  Protoss Air Weapons Level 2  
  113  8:39  Carrier  
  119  8:54  Stargate  
  119  8:56  Cybernetics Core  
  119  9:01  Forge, Carrier  
  127  9:06  Twilight Council  
  128  9:26  Protoss Air Armor Level 1, Carrier  
  128  9:31  Adept x2  
  128  9:50  Void Ray  
Spawning Tool Build Advisor. Get it on Overwolf

Go to:

Details

  • Created by: zuka      
  • Published on: Mar 18, 2019
  • Patch: 4.7.1
Show
View Real Time Build Order
Export as new Build Order

Comments (0)

There are no comments. Be the first!

Create an account to comment!